 Dungeon Sprint DCSS version 0.27-a0-1193-g8631133539 (webtiles) character file.

Game seed: 9637469887016714049

314 rocky1 the Geomancer (level 6, -20/32 HPs)
             Began as a Deep Elf Earth Elementalist on May 26, 2021.
             Was an Elder of Sif Muna.
             Demolished by a two-headed ogre
             ... wielding a +0 giant spiked club
              (37 damage)
             ... in the Dungeon (Sprint VII: "The Pits").
             The game lasted 00:03:27 (642 turns).

rocky1 the Geomancer (Deep Elf Earth Elementalist)   Turns: 642, Time: 00:03:27

Health: -20/32     AC:  2    Str:  5    XL:     6   Next: 19%
Magic:  2/12       EV: 12    Int: 22    God:    Sif Muna [****..]
Gold:   0          SH:  0    Dex: 15    Spells: 2/11 levels left

rFire    . . .     SeeInvis .   m - +1 quarterstaff (protect)
rCold    . . .     Faith    .   (shield currently unavailable)
rNeg     . . .     Spirit   .   c - +0 robe
rPois    .         Reflect  .   (no helmet)
rElec    .         Harm     .   (no cloak)
rCorr    .         Rampage  .   (no gloves)
Will     .....     NoTele   +   (no boots)
Stlth    ++........             (no amulet)
HPRegen  0.10/turn              (no ring)
MPRegen  0.13/turn              (no ring)

@: no status effects
A: no striking features
a: Renounce Religion, Channel Magic, Forget Spell, Divine Exegesis


You were in the Dungeon.
You worshipped Sif Muna.
Sif Muna was greatly pleased with you.
You visited 1 branch

Inventory:

Hand Weapons
 m - a +1 quarterstaff of protection (weapon)
Missiles
 b - 21 stones
Armour
 c - a +0 robe (worn)
Scrolls
 i - a scroll of blinking
 j - 5 scrolls of amnesia
 k - a scroll of summoning
Potions
 a - 2 potions of invisibility
 d - 6 potions of curing
 e - 6 potions of heal wounds
 f - a potion of haste
 g - 4 potions of magic
 h - 3 potions of berserk rage


   Skills:
 - Level 2.4 Dodging
 - Level 2.4 Stealth
 - Level 3.0 Spellcasting
 - Level 1.1 Transmutations
 + Level 14.0 Earth Magic


You had 2 spell levels left.
You knew the following spells:

 Your Spells              Type           Power      Damage    Failure   Level
a - Sandblast             Erth           100%       2d20      1%          1
b - Stone Arrow           Conj/Erth      68%        3d11      1%          3
c - Lee's Rapid Deconstr  Erth           30%        3d17*     1%          5

Your spell library contained the following spells:

 Spells                   Type           Power      Damage    Failure   Level
 Passwall                 Tmut/Erth      30%        N/A       1%          2
 Petrify                  Tmut/Erth      36%        N/A       5%          4


Dungeon Overview and Level Annotations

Branches:
Dungeon (1/1)

Altars:
Ashenzari
Cheibriados
Dithmenos
Elyvilon
Fedhas
Gozag
Hepliaklqana
Kikubaaqudgha
Makhleb
Nemelex Xobeh
Okawaru
Qazlal
Ru
Sif Muna
Trog
Uskayaw
Vehumet
Wu Jian
Xom
Yredelemnul
Zin
The Shining One
Beogh
Jiyva
Lugonu


Message History

Press: ? - help, Shift-Dir - straight line, f/p - gnoll shaman
Aim: a gnoll shaman, wielding a +0 whip and wearing a +0 leather armour (severely wounded, 86% to hit)
The blast of sand hits the gnoll shaman!
You kill the gnoll shaman!
Sif Muna accepts your kill.
Your Earth Magic skill increases to level 14!
You start resting.
Magic restored.
You start waiting.
Done waiting.
Unknown command.
There is an open door here.
Things that are here:
a +0 whip; a +0 leather armour; a gnoll corpse You open the door.
A two-headed ogre comes into view.
It is wielding a +0 giant spiked club and a +0 giant club.
The two-headed ogre shouts in stereo!
Casting: Sandblast (safe; 1% risk of failure)
Confirm with . or Enter, or press ? or * to list all spells.
The spell is quite dangerous to cast (1% risk of failure)!
Continue anyway?
Aiming: Lee's Rapid Deconstruction (quite dangerous; 1% risk of failure)
Press: ? - help, Dir - move target A metal wall.
The metal wall shatters!
The blast of metal fragments hits the two-headed ogre!
The two-headed ogre is moderately wounded.
The two-headed ogre misses you.
The two-headed ogre hits you with a +0 giant club!
Casting: Lee's Rapid Deconstruction (quite dangerous; 1% risk of failure)
Confirm with . or Enter, or press ? or * to list all spells.
The spell is quite dangerous to cast (1% risk of failure)!
Continue anyway?
Aiming: Lee's Rapid Deconstruction (quite dangerous; 1% risk of failure)
Press: ? - help, Dir - move target A metal wall.
The metal wall shatters!
The blast of metal fragments hits the two-headed ogre!!
The two-headed ogre is almost dead.
The two-headed ogre hits you with a +0 giant spiked club!!!
Ouch! That really hurt!
You die...

#.#........##.......#
#†###########.......#
#.......# #########
#.......# #...#...#
#..###).#+#
#...#...#.+
#.......#O#
#.......)@#
###########


You could see a two-headed ogre.

Vanquished Creatures
  A black bear (D)
  A necrophage (D)
  A bullfrog (D)
  A gnoll shaman (D)
  A mummy (D)
  A river rat (D)
  An ufetubus (D)
  An adder zombie (D)
  4 orcs (D)
  2 ball pythons (D)
  A bat zombie (D)
  An endoplasm (D)
  A hobgoblin (D)
  A ball python zombie (D)
  A frilled lizard (D)
19 creatures vanquished.

Notes
Turn   | Place    | Note
-------+----------+-------------------------------------------
     0 | D        | rocky1 the Deep Elf Earth Elementalist began the quest for
                  | the Orb.
     0 | D        | Reached XP level 1. HP: 10/10 MP: 6/6
    13 | D        | Reached skill level 4 in Earth Magic
    18 | D        | Found a bloodstained altar of Trog.
    18 | D        | Found a shimmering blue altar of Sif Muna.
    18 | D        | Found a viscous altar of Jiyva.
    18 | D        | Found a hazy altar of Hepliaklqana.
    18 | D        | Found an opulent altar of Gozag.
    44 | D        | Found a glowing golden altar of the Shining One.
    44 | D        | Found a glowing silver altar of Zin.
    44 | D        | Found a basalt altar of Yredelemnul.
    44 | D        | Found a shimmering altar of Xom.
    44 | D        | Found an ornate altar of the Wu Jian Council.
    44 | D        | Found a sacrificial altar of Ru.
    44 | D        | Found a stormy altar of Qazlal.
    44 | D        | Found an iron altar of Okawaru.
    44 | D        | Found a sparkling altar of Nemelex Xobeh.
    44 | D        | Found a burning altar of Makhleb.
    44 | D        | Found a blossoming altar of Fedhas.
    44 | D        | Found a white marble altar of Elyvilon.
    44 | D        | Found a shadowy altar of Dithmenos.
    44 | D        | Found a snail-covered altar of Cheibriados.
    47 | D        | Found a corrupted altar of Lugonu.
    47 | D        | Found a radiant altar of Vehumet.
    48 | D        | Found an ancient bone altar of Kikubaaqudgha.
    48 | D        | Found a hide-covered altar of Uskayaw.
    48 | D        | Found a broken altar of Ashenzari.
    63 | D        | Became a worshipper of Sif Muna the Loreminder
    77 | D        | Reached skill level 5 in Earth Magic
   100 | D        | Reached * piety under Sif Muna
   101 | D        | Reached XP level 2. HP: 15/15 MP: 6/8
   102 | D        | Reached skill level 6 in Earth Magic
   138 | D        | Reached ** piety under Sif Muna
   201 | D        | Noticed a black bear
   206 | D        | Killed a black bear
   207 | D        | Reached skill level 10 in Earth Magic
   207 | D        | Reached XP level 3. HP: 11/19 MP: 3/9
   207 | D        | Reached XP level 4. HP: 15/24 MP: 3/10
   360 | D        | Learned a level 3 spell: Stone Arrow
   371 | D        | Noticed a necrophage
   372 | D        | Noticed a bullfrog
   380 | D        | Killed a necrophage
   380 | D        | Reached *** piety under Sif Muna
   381 | D        | Reached skill level 12 in Earth Magic
   381 | D        | Reached XP level 5. HP: 28/28 MP: 8/11
   394 | D        | Reached skill level 13 in Earth Magic
   399 | D        | Reached XP level 6. HP: 32/32 MP: 5/12
   454 | D        | Reached **** piety under Sif Muna
   516 | D        | Learned a level 5 spell: Lee's Rapid Deconstruction
   524 | D        | Reached skill level 14 in Earth Magic
   640 | D        | Noticed a two-headed ogre
   642 | D        | Demolished by a two-headed ogre

Illustrated notes

Levels and vault maps discovered:
D:        pitsprint [storerooms_1, entrance_room_1, metal_vault_5, armoury_1,
          mini_pit_1, grid_room_1, main_hall_1, silver_pit, the_coven_1,
          the_vestibule_1, steel_vault_2, golden_pit, hallway_of_sentries,
          crystal_vault_2, iron_vault_5, final_vault]

Skill      XL: |  1  2  3  4  5  6 |
---------------+-------------------+-----
Earth Magic    | 5 10 12 13 14 | 14.0
Dodging        | |  2.4
Stealth        | |  2.4
Spellcasting   | |  3.0
Transmutations | |  1.1

Action                   |  1- 3 |  4- 6 || total
-------------------------+-------+-------++-------
Melee: Quarterstaff      |    10 |     6 ||    16
 Cast: Sandblast         |    10 |     9 ||    19
       Stone Arrow       |       |     2 ||     2
       Lee's Rapid Decon |       |     2 ||     2
Armor: Robe              |     5 |     8 ||    13
Dodge: Dodged            |    17 |    11 ||    28

Table legend: (Time is in decaauts)
 A = Elapsed time spent in this place.
 B = Non-inter-level travel time spent in this place.
 C = Inter-level travel time spent in this place.
 D = Time resting spent in this place.
 E = Time spent auto-exploring this place.
 F = Levels seen in this place.
 G = Mean time per level.
                   A        B        C        D        E       F      G
               +--------+--------+--------+--------+--------+-----+--------+
         Total |    645 |    623 |     22 |    414 |      0 |   1 |  645.0 |
       Dungeon |    645 |    623 |     22 |    414 |      0 |   1 |  645.0 |
               +--------+--------+--------+--------+--------+-----+--------+

Top non-repeatable levels by time:
       D: 645 daAuts
